 Dungeon Crawl Stone Soup version 0.20.0-8-g6b59dc7 (webtiles) character file.

60 Kosschaser the Stinger (level 3, 0/19 HPs)
             Began as a Deep Elf Venom Mage on June 1, 2017.
             Was an Initiate of Makhleb.
             Slain by an adder (2 damage)
             ... on level 2 of the Dungeon.
             The game lasted 00:12:52 (1557 turns).

Kosschaser the Stinger (Deep Elf Venom Mage)        Turns: 1557, Time: 00:12:52

Health: 0/19       AC:  3    Str:  5    XL:     3   Next: 82%
Magic:  3/10       EV: 13    Int: 20    God:    Makhleb [......]
Gold:   94         SH:  0    Dex: 15    Spells: 5/9 levels left

rFire    + . .     SeeInvis .   t - +0 dagger
rCold    + . .     Gourm    .   (no shield)
rNeg     . . .     Faith    .   a - +0 robe
rPois    +         Spirit   .   (no helmet)
rElec    +         Reflect  .   (no cloak)
rCorr    +         Harm     .   m - +0 pair of gloves
MR       .....                  (no boots)
Stlth    ++........             e - amulet of magic regeneration
Regen    0.1/turn               h - +5 ring of slaying
MPRegen  0.2/turn               (no ring)

@: lethally poisoned (0 -> -7), resistant, very slightly contaminated
A: no striking features
a: Renounce Religion


You were on level 2 of the Dungeon.
You worshipped Makhleb.
Makhleb was noncommittal.
You were not hungry.

You visited 1 branch of the dungeon, and saw 2 of its levels.

You collected 94 gold pieces.

Inventory:

Hand Weapons
 t - a +0 dagger (weapon)
Armour
 a - a +0 robe (worn)
 m - a +0 pair of gloves (worn)
Jewellery
 e - an amulet of magic regeneration (around neck)
 h - a +5 ring of slaying (left hand)
Scrolls
 f - 7 scrolls of remove curse
 i - a scroll of fog {unknown}
 j - a scroll of magic mapping {unknown}
 k - a scroll of noise {unknown}
 p - a scroll of teleportation {unknown}
 r - a scroll of identify {unknown}
Potions
 o - a potion of ambrosia {unknown}
 q - a potion of heal wounds {unknown}
 s - a potion of agility {unknown}
Books
 b - a Young Poisoner's Handbook

   Spells                             Type                      Level
   a - Sting                          Conjuration/Poison           1
   b - Poisonous Vapours              Poison/Air                   2
   c - Mephitic Cloud                 Conjuration/Poison/Air       3
   d - Olgreb's Toxic Radiance        Poison                       4
   e - Venom Bolt                     Conjuration/Poison           5
Comestibles
 c - 3 bread rations
 g - 7 fruits
 l - a meat ration


   Skills:
 + Level 0.1 Fighting
 + Level 0.2 Short Blades
 + Level 2.7 Dodging
 + Level 3.0 Stealth
 + Level 3.5 Spellcasting
 + Level 1.4 Conjurations
 + Level 4.3 Poison Magic


You had 5 spell levels left.
You knew the following spells:

 Your Spells              Type           Power        Failure   Level  Hunger
a - Sting                 Conj/Pois      ###.         4%          1    None
b - Mephitic Cloud        Conj/Pois/Air  ##......     19%         3    ###....


Dungeon Overview and Level Annotations

Branches:
Dungeon (2/15)

Altars:
Hepliaklqana
Makhleb
Trog


Message History

Casting: Sting
Confirm with . or Enter, or press ? or * to list all spells.
Aiming: Sting
Press: ? - help, Shift-Dir - straight line, f/p - adder
Aim: an adder (almost dead)
You miscast Sting.
You are very lightly contaminated with residual magic.
Nothing appears to happen.
You feel sick. The adder bites you.
Casting: Sting
Confirm with . or Enter, or press ? or * to list all spells.
Aiming: Sting
Press: ? - help, Shift-Dir - straight line, f/p - adder
Aim: an adder (almost dead)
The sting misses the adder.
The adder bites you.
* * * LOW HITPOINT WARNING * * *
It was a potion of resistance.
You feel protected.
* * * LOW HITPOINT WARNING * * *
You feel sick. The adder bites you.
You die...

### ##. ######### #..
#.......# #..
#.#####.##### #..
#.##........# ##.
##....##.###.# ##
##.....##.###.#### #
##......@.........#
#......S###.##.##.#####
#.......# #.##........#
#.......# #.#####.###.#
##..<..##
#.......###.### ##...##
#........#..... ##..##
#.............> ##...##
#.....)........
##.....###.....)....##..


You could see an adder.

Vanquished Creatures
  An adder (D:2)
  A dart slug (D:2)
  2 leopard geckos (D:2)
  5 bats
  4 giant cockroaches
  4 goblins
  4 hobgoblins
  3 jackals (D:1)
  4 kobolds
  A quokka (D:2)
  A ball python (D:1)
  3 frilled lizards
  13 rats
46 creatures vanquished.

Notes
Turn   | Place    | Note
-------+----------+-------------------------------------------
     0 | D:1      | Kosschaser the Deep Elf Venom Mage began the quest for the Orb.
     0 | D:1      | Reached XP level 1. HP: 10/10 MP: 6/6
   107 | D:1      | Reached XP level 2. HP: 15/15 MP: 5/8
   436 | D:1      | Reached skill level 4 in Poison Magic
   736 | D:2      | Reached XP level 3. HP: 14/19 MP: 5/9
   780 | D:2      | Found a burning altar of Makhleb.
   788 | D:2      | Became a worshipper of Makhleb the Destroyer
   839 | D:2      | Learned a level 3 spell: Mephitic Cloud
  1016 | D:2      | Found a hazy altar of Hepliaklqana.
  1122 | D:2      | Noticed a moth of wrath
  1125 | D:2      | Found a bloodstained altar of Trog.
  1557 | D:2      | Slain by an adder

Skill      XL: |  1  2  3 |
---------------+----------+-----
Poison Magic   | 4 |  4.3
Stealth        | 3 |  3.0
Fighting       | |  0.1
Short Blades   | |  0.2
Dodging        | |  2.7
Spellcasting   | |  3.5
Conjurations   | |  1.4

Action                   || total
-------------------------++-------
Melee: Rapier            ||    14
 Cast: Sting             ||    67
       Mephitic Cloud    ||     1
  Use: Scroll            ||     2
       Potion            ||     1
 Stab: Confused          ||     2
       Sleeping          ||     1
  Eat: Chunk             ||     2
Armor: Robe              ||    12
Dodge: Dodged            ||    34
